 Dungeon Crawl Stone Soup version 0.24-a0-125-gdf02491 (webtiles) character file.

Game seed: 14712253158307028243

18 CaptenBingBong the Firebug (level 2, 0/20 HPs)
             Began as a Demigod Fire Elementalist on Feb 24, 2019.
             Succumbed to a kobold's poison
             ... on level 3 of the Dungeon.
             The game lasted 00:12:12 (279 turns).

CaptenBingBong the Firebug (DgFE)                    Turns: 279, Time: 00:12:13

Health: 0/20       AC:  2    Str: 11    XL:     2   Next: 36%
Magic:  7/7        EV: 13    Int: 19    God:
Gold:   18         SH:  0    Dex: 16    Spells: 4/5 levels left

rFire    . . .     SeeInvis .   d - +1 hunting sling
rCold    . . .     Gourm    .   (no shield)
rNeg     . . .     Faith    .   a - +0 robe
rPois    .         Spirit   .   (no helmet)
rElec    .         Reflect  .   (no cloak)
rCorr    .         Harm     .   (no gloves)
MR       .....                  (no boots)
Stlth    ++........             (no amulet)
HPRegen  0.06/turn              (no ring)
MPRegen  0.10/turn              (no ring)

@: lethally poisoned (0 -> -8)
A: high mp 1
a: no special abilities


You were on level 3 of the Dungeon.
You were not hungry.

You visited 1 branch of the dungeon, and saw 3 of its levels.

You collected 18 gold pieces.

Inventory:

Hand Weapons
 b - a +0 flail
 d - a +1 hunting sling (weapon)
 e - a +0 hand axe
Missiles
 f - 18 stones (quivered)
Armour
 a - a +0 robe (worn)
 g - a +0 robe
Comestibles
 c - a ration


   Skills:
 + Level 2.0 Dodging
 + Level 2.1 Stealth
 + Level 2.0 Spellcasting
 + Level 1.2 Conjurations
 + Level 2.9 Fire Magic


You had 4 spell levels left.
You knew the following spells:

 Your Spells              Type           Power        Failure   Level  Hunger
a - Flame Tongue          Conj/Fire      #....        7%          1    #......

Your spell library contained the following spells:

 Spells                   Type           Power        Failure   Level  Hunger
 Throw Flame              Conj/Fire      #.....       11%         2    ###....
 Conjure Flame            Conj/Fire      #.......     22%         3    ###....
 Inner Flame              Hex/Fire       #.......     28%         3    ###....
 Sticky Flame             Conj/Fire      #.......     56%         4    #####..
 Fireball                 Conj/Fire      #.........   89%         5    ######.


Dungeon Overview and Level Annotations

Branches:
Dungeon (3/15)


Innate Abilities, Weirdness & Mutations

You have an increased reservoir of magic. (+10% MP)


Message History

You feel sick.
You see here 3 poisoned needles.
* * * LOW HITPOINT WARNING * * *
You feel sick.
Things that are here:
a poisoned needle; a giant cockroach corpse
* * * LOW HITPOINT WARNING * * *
You feel sick.
* * * LOW HITPOINT WARNING * * *
You feel sick.
* * * LOW HITPOINT WARNING * * *
You feel sick.
* * * LOW HITPOINT WARNING * * *
You feel sick.
You see here 19 stones.
f - 19 stones Firing (i - inventory)
f - 19 stones (quivered)
Press: ? - help, Shift-Dir - straight line You shoot a stone.
You die...

..#.# .. #.#.# #.
#.#.# #. #.#.# #.
#.#.# .####. #.#.#
......##.#.########
########(..((.).....#
(......@.....######.#
#########..###
.......<#..#
.......)...#
##########.# ..$.
.#### .


There were no monsters in sight!

Vanquished Creatures
  An adder (D:2)
  A worm (D:2)
  A leopard gecko (D:3)
  A giant cockroach (D:2)
  A bat (D:2)
  2 kobolds
7 creatures vanquished.

Vanquished Creatures (others)
  A giant cockroach (D:3)
1 creature vanquished.

Grand Total: 8 creatures vanquished

Notes
Turn   | Place    | Note
-------+----------+-------------------------------------------
     0 | D:1      | CaptenBingBong the Demigod Fire Elementalist began the
                  | quest for the Orb.
     0 | D:1      | Reached XP level 1. HP: 14/14 MP: 5/5
    62 | D:2      | Reached skill level 1 in Conjurations
   127 | D:2      | Reached XP level 2. HP: 20/20 MP: 5/7
   277 | D:3      | HP: 1/20 [poisoned by a kobold]
   279 | D:3      | Succumbed to a kobold's poison

Levels and vault maps discovered:
D:1:      minmay_arrival_floating_metal, layout_basic, minmay_tetromino_s2
D:2:      minmay_spotlight, layout_basic
D:3:      layout_basic, first_ration, due_unseen_surprise

Skill      XL: |  1  2 |
---------------+-------+-----
Conjurations   | 1 |  1.2
Dodging        | 2 |  2.0
Stealth        | 2 |  2.1
Spellcasting   | 2 |  2.0
Fire Magic     | |  2.9

Action                   || total
-------------------------++-------
Melee: Flail             ||     1
       Hand axe          ||     1
       Hunting sling     ||     3
 Fire: Hunting sling     ||     1
 Cast: Flame Tongue      ||    16
  Use: Scroll            ||     2
       Potion            ||     2
Armor: Robe              ||     2
Dodge: Dodged            ||    20

Table legend:
 A = Non-vault XP
 B = Vault XP
 C = Vault XP percentage of total XP
 D = Non-vault monster count
 E = Vault monster count
 F = Vault count percentage of total count
                 A         B        C        D         E       F
            +---------+---------+-------+---------+---------+-------
      Total |      27 |       0 |   0.0 |       7 |       0 |   0.0
            +---------+---------+-------+---------+---------+-------
        D:2 |      23 |       0 |   0.0 |       5 |       0 |   0.0
        D:3 |       4 |       0 |   0.0 |       2 |       0 |   0.0
            +---------+---------+-------+---------+---------+-------
